 Dungeon Crawl Stone Soup version 0.26-a0-812-g31a745ddcd (webtiles) character file.

Game seed: 11849205649714288634

1890 funkygono the Cudgeller (level 8, -7/70 HPs)
             Began as a Minotaur Fighter on Nov 15, 2020.
             Was a Priest of Okawaru.
             Mangled by a bone dragon (13 damage)
             ... on level 1 of the Abyss.
             The game lasted 00:11:37 (4792 turns).

funkygono the Cudgeller (Minotaur Fighter)          Turns: 4792, Time: 00:11:38

Health: -7/70      AC: 14    Str: 23    XL:     8   Next: 92%
Magic:  2/7        EV: 11    Int:  9    God:    Okawaru [***...]
Gold:   488        SH: 10    Dex: 10    Spells: 7/7 levels left

rFire    . . .     SeeInvis .   a - +5 hand axe of Conflict {drain, rN++ Int+4}
rCold    . . .     Faith    .   c - +0 kite shield
rNeg     + + .     Spirit   .   q - +0 chain mail
rPois    .         Reflect  .   (helmet restricted)
rElec    .         Harm     .   A - +1 cloak
rCorr    .         Rampage  .   (no gloves)
MR       +....                  f - +0 pair of boots
Stlth    ..........             (no amulet)
HPRegen  0.21/turn              s - ring of protection from magic
MPRegen  0.10/turn              w - +4 ring of evasion

@: no status effects
A: retaliatory headbutt, horns 2
a: Heroism, Renounce Religion


You were on level 1 of the Abyss.
You worshipped Okawaru.
Okawaru was most pleased with you.
You visited 1 branch of the dungeon, and saw 6 of its levels.
You visited the Abyss 1 time.

You collected 488 gold pieces.

Inventory:

Hand Weapons
 a - the +5 hand axe of Conflict (weapon) {drain, rN++ Int+4}
   (You found it on level 4 of the Dungeon)

   A truly terrible weapon, it drains the life of those it strikes.
   It affects your intelligence (+4).
   It greatly protects you from negative energy.
 b - a +0 hunting sling
 u - a +2 flail
Missiles
 g - 9 sling bullets
 i - 158 stones (quivered)
 x - 69 arrows
Armour
 c - a +0 kite shield (worn)
 f - a +0 pair of boots (worn)
 q - a +0 chain mail (worn)
 A - a +1 cloak (worn)
Jewellery
 p - a +6 ring of strength
 s - a ring of protection from magic (left hand)
 w - a +4 ring of evasion (right hand)
 B - a +6 ring of strength
Wands
 y - a wand of flame (16)
Scrolls
 h - 3 scrolls of magic mapping
 j - 5 scrolls of remove curse
 o - a scroll of teleportation
 r - 2 scrolls of blinking
Potions
 d - 2 potions of might
 k - 6 potions of curing
 n - a potion of flight {unknown}
 t - a potion of magic {unknown}
 v - a potion of attraction {unknown}


   Skills:
 + Level 6.0 Fighting
 + Level 6.2(7.7) Axes
 + Level 7.0(8.1) Maces & Flails
 + Level 0.7 Slings
 + Level 6.9 Armour
 + Level 2.3 Dodging
 + Level 6.4 Shields
 + Level 1.0 Invocations
 + Level 1.4 Evocations


You had 7 spell levels left.
You didn't know any spells.
Your spell library contained the following spells:

 Spells                   Type           Power        Failure   Level
 Animate Skeleton         Necr           #.....       100%        1
 Apportation              Tloc           #.....       100%        1
 Corona                   Hex            #......      100%        1
 Summon Small Mammal      Summ           #...         100%        1


Dungeon Overview and Level Annotations

Branches:
Dungeon (6/15)             Temple (0/1) D:4

Altars:
Ashenzari
Elyvilon
Fedhas
Gozag
Hepliaklqana
Okawaru
Qazlal
Sif Muna
Wu Jian
Zin


Innate Abilities, Weirdness & Mutations

You reflexively headbutt those who attack you in melee.
You have a pair of horns on your head.


Message History

You feel your power leaking away.
Found 17 gold pieces.
You hear a chilling moan.
Found a scorched buckler.
Why would you want to do that? Why would you want to do that?
Unknown command.
Why would you want to do that? Why would you want to do that?
Unknown command.
You open the door.
You feel like a meek peon again. The bone dragon bites you!
The bone dragon claws you.
The bone dragon tramples you but does no damage.
There is an open door here.
Found a corrupted altar of Lugonu.
The bone dragon bites you!!
* * * LOW HITPOINT WARNING * * *
You block the bone dragon's attack. The bone dragon tramples you!
You die...

#######'#### ..
.....#.........
#.#..........
#............
.....#..#{#.#..
.. .##..X..## .
#.## #..#..# #.
##.D.###
#...@..#
#####.......
##.#..# .._ #
.# .# #


You could see a bone dragon and a large abomination.

Vanquished Creatures
  Sigmund (D:3)
  An ice beast (D:6)
  A phantom (D:5)
  A black bear (D:6)
  An ogre (D:5)
  A centaur (D:5)
  Blork the orc (D:6)
  4 scorpions
  A howler monkey (D:5)
  A hound (D:6)
  9 orc priests
  5 bullfrog skeletons
  6 orc wizards (D:4)
  An iguana (D:5)
  A worker ant (D:4)
  Natasha (thrice) (D:3)
  13 gnolls
  5 adders
  A white imp (D:6)
  An ufetubus (D:5)
  3 worms
  3 leopard geckos
  16 orcs
  4 bats
  5 giant cockroaches
  5 goblins
  4 hobgoblins
  7 jackals (D:4)
  4 kobolds (D:1)
  2 quokkas (D:4)
  2 ball pythons (D:4)
  A leopard gecko zombie (D:6)
  A quokka skeleton (D:4)
  5 rats
120 creatures vanquished.

Notes
Turn   | Place    | Note
-------+----------+-------------------------------------------
     0 | D:1      | funkygono the Minotaur Fighter began the quest for the Orb.
     0 | D:1      | Reached XP level 1. HP: 19/19 MP: 0/0
   476 | D:1      | Reached XP level 2. HP: 27/27 MP: 1/1
  1028 | D:2      | Reached XP level 3. HP: 32/33 MP: 2/2
  1201 | D:2      | Found an iron altar of Okawaru.
  1205 | D:2      | Became a worshipper of Warmaster Okawaru
  1303 | D:2      | Reached skill level 3 in Maces & Flails
  1666 | D:3      | Found a faded altar of an unknown god.
  1666 | D:3      | Noticed Sigmund
  1678 | D:3      | Killed Sigmund
  1678 | D:3      | Reached * piety under Okawaru
  1678 | D:3      | Reached skill level 4 in Maces & Flails
  1678 | D:3      | Reached skill level 5 in Armour
  1678 | D:3      | Reached skill level 1 in Dodging
  1678 | D:3      | Reached XP level 4. HP: 41/41 MP: 3/3
  1678 | D:3      | Reached XP level 5. HP: 47/47 MP: 4/4
  1701 | D:3      | Noticed Natasha
  1710 | D:3      | Killed Natasha
  1758 | D:3      | Noticed Natasha
  1765 | D:3      | Killed Natasha
  1775 | D:3      | Noticed Natasha
  1782 | D:3      | Killed Natasha
  1782 | D:3      | Reached XP level 6. HP: 53/53 MP: 5/5
  1824 | D:3      | Found a glowing silver altar of Zin.
  2137 | D:3      | Found a blossoming altar of Fedhas.
  2186 | D:4      | Reached skill level 5 in Maces & Flails
  2408 | D:4      | Found a stormy altar of Qazlal.
  2458 | D:4      | Reached skill level 5 in Shields
  2466 | D:4      | Reached XP level 7. HP: 38/60 MP: 3/6
  2660 | D:4      | Got a masterwork hand axe
  2661 | D:4      | Identified the +5 hand axe of Conflict {drain, rN++ Int+4}
                  | (You found it on level 4 of the Dungeon)
  2750 | D:4      | Reached skill level 6 in Maces & Flails
  3118 | D:4      | Reached skill level 5 in Fighting
  3118 | D:4      | Reached skill level 1 in Axes
  3161 | D:4      | Reached ** piety under Okawaru
  3460 | D:4      | Found a staircase to the Ecumenical Temple.
  3521 | D:5      | Entered Level 5 of the Dungeon
  3521 | D:5      | Found a broken altar of Ashenzari.
  3521 | D:5      | Found a hazy altar of Hepliaklqana.
  3549 | D:5      | Reached XP level 8. HP: 51/68 MP: 7/7
  3552 | D:5      | Reached skill level 7 in Maces & Flails
  3638 | D:5      | Found an opulent altar of Gozag.
  3680 | D:5      | Reached skill level 1 in Evocations
  3973 | D:5      | Found a white marble altar of Elyvilon.
  4422 | D:6      | Found an ornate altar of the Wu Jian Council.
  4454 | D:6      | Found the -2 hat of the Alchemist {rElec rPois rF+ rC+ rN+
                  | MR+ rMut rCorr}
  4505 | D:6      | Reached skill level 5 in Axes
  4525 | D:6      | Reached skill level 1 in Invocations
  4640 | D:6      | Noticed Blork the orc
  4647 | D:6      | Killed Blork the orc
  4647 | D:6      | Reached *** piety under Okawaru
  4672 | D:6      | Found a shimmering blue altar of Sif Muna.
  4774 | D:6      | Cast into level 1 of the Abyss (gnoll sergeant)
  4775 | Abyss:1  | Noticed a bone dragon
  4789 | Abyss:1  | Found a corrupted altar of Lugonu.
  4792 | Abyss:1  | Mangled by a bone dragon

Illustrated notes

Levels and vault maps discovered:
D:1:      dpeg_arrival_concentric_ovals, layout_loops_corners
D:2:      layout_basic, marbit_many_paths, minmay_misc_feat_enclosed
D:3:      layout_rooms, lemuel_round_altar, chequers_ecumenical_altar_simple,
          fedhas_altar_4, uniq_natasha, uniq_sigmund
D:4:      layout_rooms, grunt_qazlal_sundering, minmay_temple_entry_from_below_b
D:5:      layout_cave_pools, elyvilon_altar_1, grunt_temple_overflow_open
D:6:      layout_cave_pools, tgw_sif, lemuel_round_altar, lemuel_doored_altar,
          serial_gnoll_camp, gnoll_camp_mini_hut, gnoll_camp_mini_hut,
          gnoll_camp_medium_02, gnoll_camp_mini_hut
Abyss:1:  base: D:4, evilmike_abyss_exit_chaos, hangedman_cross_veins

Skill      XL: |  1  2  3  4  5  6  7  8 |
---------------+-------------------------+-----
Armour         | 4 5 6 |  6.9
Fighting       | 4 5 6 |  6.0
Shields        | 4 5 6 |  6.4
Maces & Flails | 4 5 6 7 |  7.0
Dodging        | 1 2 |  2.3
Axes           | 2 6 |  6.2
Evocations     | 1 |  1.4
Invocations    | 1 |  1.0
Slings         | |  0.7

Action                   |  1- 3 |  4- 6 |  7- 9 || total
-------------------------+-------+-------+-------++-------
Melee: Flail             |    63 |    86 |     2 ||   151
       Headbutt          |     7 |    13 |    30 ||    50
       Hand axe          |       |       |   147 ||   147
 Fire: Hunting sling     |       |       |     5 ||     5
Throw: Stone             |       |       |     1 ||     1
Invok: Heroism           |       |     6 |     7 ||    13
Evoke: Wand              |     4 |       |    10 ||    14
  Use: Scroll            |     6 |       |     8 ||    14
 Stab: Paralysed         |     4 |       |       ||     4
Armor: Scale mail        |    23 |     5 |       ||    28
       Chain mail        |       |    24 |    59 ||    83
Dodge: Dodged            |    13 |    29 |    60 ||   102
Block: Kite shield       |    30 |    64 |    64 ||   158

Table legend: (Time is in decaauts)
 A = Elapsed time spent in this place.
 B = Non-inter-level travel time spent in this place.
 C = Inter-level travel time spent in this place.
 D = Time resting spent in this place.
 E = Time spent auto-exploring this place.
 F = Levels seen in this place.
 G = Mean time per level.
                   A        B        C        D        E       F      G
               +--------+--------+--------+--------+--------+-----+--------+
         Total |   4822 |   4574 |    248 |      0 |   3653 |   7 |  688.9 |
       Dungeon |   4804 |   4556 |    248 |      0 |   3653 |   6 |  800.7 |
         Abyss |     17 |     17 |      0 |      0 |      0 |   1 |   17.0 |
               +--------+--------+--------+--------+--------+-----+--------+

Top non-repeatable levels by time:
     D:4: 1389 daAuts
     D:1: 905 daAuts
     D:2: 779 daAuts
     D:5: 722 daAuts
     D:3: 584 daAuts
     D:6: 423 daAuts
 Abyss:1: 17 daAuts
